 Dungeon Crawl Stone Soup version 0.17.0-26-gececa24 (webtiles) character file.

120318 Gorice the Severer (level 16, -10/128 HPs)
             Began as a Demonspawn Wanderer on Nov 19, 2015.
             Was the Champion of Okawaru.
             Mangled by a manticore (13 damage)
             ... on level 15 of the Dungeon on Nov 20, 2015.
             The game lasted 03:12:55 (35952 turns).

Gorice the Severer (Demonspawn Wanderer)           Turns: 35952, Time: 03:12:55

Health: -10/128    AC: 25    Str: 16    XL:     16   Next: 29%
Magic:  0/25       EV: 10    Int: 18    God:    Okawaru [******]
Gold:   499        SH:  0    Dex: 13    Spells: 3 memorised, 19 levels left

rFire  . . .     SeeInvis +     f - +0 battleaxe (freeze)
rCold  + . .     Clarity  .     J - +2 swamp dragon armour
rNeg   . . .     SustAt   .     (shield currently unavailable)
rPois  +         Gourm    .     (helmet unavailable)
rElec  .         Spirit   +     d - +1 cloak {rC+}
rCorr  +         Warding  .     l - +2 pair of gloves {Dex+3}
rMut   .         Stasis   .     P - +0 pair of boots
MR     +....                    L - amulet of resist corrosion
Stlth  +.........               s - +4 ring of protection
                                r - +3 ring of slaying

@: drained, somewhat resistant to hostile enchantments, very unstealthy
A: antennae 3, rugged brown scales 2, clumsy 1, deformed body, shaggy fur 1,
slow regeneration 1, spiny 2, magic shield, subdued magic 1
a: Heroism, Finesse, Renounce Religion


You were on level 15 of the Dungeon.
You worshipped Okawaru.
Okawaru was exalted by your worship.
You were not hungry.

You visited 4 branches of the dungeon, and saw 28 of its levels.
You also visited: Sewer, Bailey, Ice Cave and Volcano.

You collected 3954 gold pieces.
You spent 3455 gold pieces at shops.

Inventory:

Hand Weapons
 a - the +8 war axe "Royfol" {venom, +Inv Int+3}
   (You found it on level 4 of the Dungeon)

   It poisons the flesh of those it strikes.
   It affects your intelligence (+3).
   It lets you turn invisible.
 b - the +6 flail of Toaph {crush, MR- Str+4 Int+6}
   (You found it on level 5 of the Dungeon)

   It inflicts extra damage upon your enemies.
   It affects your strength (+4).
   It affects your intelligence (+6).
   It affects your resistance to hostile enchantments.
 c - a +1 executioner's axe of distortion
   (Okawaru gifted it to you on level 12 of the Dungeon)
 f - a +0 battleaxe of freezing (weapon)
   (You took it off a frost giant in an ice cave)
 A - the +4 battleaxe of the Lurker {antimagic, Str+3}
   (You found it in an ice cave)

   It disrupts the flow of magical energy around spellcasters and certain
   magical creatures (including the wielder).
   It affects your strength (+3).
 B - the +3 blowgun of Gozag's Supremacy {speed, -Tele rElec rC++ Stlth+}
   (You found it on level 4 of the Lair of Beasts)

   Attacks with this weapon are significantly faster.
   It greatly protects you from cold.
   It insulates you from electricity.
   It prevents most forms of teleportation.
   It makes you more stealthy.
Missiles
 m - 5 poisoned needles
 x - 7 javelins of penetration
 G - 14 javelins (quivered)
 I - 5 curare-tipped needles
 Y - 5 throwing nets
Armour
 d - a +1 cloak of cold resistance (worn)
   (You found it in an ice cave)
 l - a +2 pair of gloves of dexterity (worn)
   (Okawaru gifted it to you in an ice cave)
 J - a +2 swamp dragon armour (worn)
 P - a +0 pair of boots (worn)
Rods
 S - a +5 rod of shadows (14/14) {!a}
   (You bought it in a shop on level 4 of the Orcish Mines)
Jewellery
 o - an uncursed ring of ice
 r - a +3 ring of slaying (left hand)
 s - a +4 ring of protection (right hand)
 u - a +3 ring of evasion
 y - an uncursed ring of protection from magic
 H - an uncursed ring of fire
 L - an amulet of resist corrosion (around neck)
Wands
 t - a wand of paralysis (0)
 K - a wand of teleportation (5) {!d}
 N - a wand of frost (23)
 O - a wand of fireball (2)
 R - a wand of fire (4)
 T - a wand of polymorph (7)
 U - a wand of digging (12)
Scrolls
 j - a scroll of acquirement {!r}
 k - 10 scrolls of remove curse
 q - 4 scrolls of enchant weapon
 C - 2 scrolls of fear {!r}
 F - 12 scrolls of teleportation {!r}
 M - a scroll of amnesia
 V - a scroll of blinking {unknown}
Potions
 i - 12 potions of curing
 n - a potion of heal wounds {!q}
 v - 6 potions of might {!q}
 w - a potion of resistance {!q}
 z - 2 potions of agility {!q}
 W - 2 potions of haste {!q}
Miscellaneous
 g - a fan of gales
Comestibles
 e - 19 bread rations {!e}
 h - 27 fruits
 p - 5 chunks of flesh
 D - 2 slices of pizza
 E - a beef jerky
 Q - a meat ration {!e}


   Skills:
 - Level 10.0(9.4) Fighting
 * Level 17.0(16.4) Axes
 + Level 15.1(14.4) Armour
 - Level 1.7(1.3) Stealth
 + Level 6.0(5.5) Spellcasting
 + Level 6.6(6.1) Charms
   Level 1.7(1.3) Earth Magic
 - Level 8.0(7.4) Invocations
 - Level 3.0(2.5) Evocations


You had 19 spell levels left.
You knew the following spells:

 Your Spells              Type           Power        Failure   Level  Hunger
a - Infusion              Chrm           ###...       1%          1    None
A - Apportation           Tloc           #.........   13%         1    None
H - Haste                 Chrm           ###.....     99%         6    #######


Dungeon Overview and Level Annotations

Branches:
Dungeon (15/15)            Temple (1/1) D:6            Lair (8/8) D:9
 Shoals (0/4) Lair:3        Snake (0/4) Lair:3        Slime (0/6) Lair:8
    Orc (4/4) D:11            Elf (0/3) Orc:4
 Vaults: D:13-14     Depths: D:15

Altars:
Ashenzari
Cheibriados
Dithmenos
Elyvilon
Fedhas
Gozag
Kikubaaqudgha
Makhleb
Nemelex Xobeh
Okawaru
Qazlal
Ru
Sif Muna
Trog
Vehumet
Xom
Yredelemnul
Zin
The Shining One
Beogh
Jiyva

Shops:
Orc:1 (   Orc:2 =   Orc:4 [*}!

Portals:
Pandemonium: Orc:4

Annotations:
Lair:8 vpUX: fire dragon island


Innate Abilities, Weirdness & Mutations

You have a pair of large antennae on your head (SInv).
You are mostly covered in rugged brown scales (AC +2, +5% HP).
You are mostly covered in sharp spines.
When hurt, damage is shared between your health and your magic reserves.
You are clumsy. (Dex -2)
Armour fits poorly on your strangely shaped body.
You are covered in fur (AC +1).
You regenerate slowly when monsters are visible.
Your spells are a little easier to cast, but a little less powerful.


Message History

The orc is struck by your spines.
You kill the orc!
Things that are here:
a glaive; a chain mail The orc throws a tomahawk.
The tomahawk closely misses you.
Things that are here:
a mace; an orc corpse The orc throws a tomahawk.
The tomahawk hits you.
* * * LOW HITPOINT WARNING * * *
You see here a tomahawk.
Damage: 1 (max 37)
The orc barely misses you.
You slash the orc! You freeze the orc.
You kill the orc!
You see here a club.
You see here a tomahawk.
Things that are here:
a mace; an orc corpse You butcher the orc corpse.
p - 8 chunks of flesh (gained 1)
You see here a mace.
Things that are here:
a glaive; a chain mail There isn't anything to butcher here.
Things that are here:
a glaive; a chain mail You see here a mace.
You see here a tomahawk.
Some of the chunks of flesh in your inventory have rotted away.
You see here a club.
You see here a deep troll corpse.
You butcher the deep troll corpse.
p - 5 chunks of flesh (gained 1)
A manticore comes into view.
You slice the manticore!! You freeze the manticore.
The manticore is heavily wounded.
You feel like a meek peon again.
You hit the manticore but do no damage.
The manticore is heavily wounded.
The manticore bites you!
* * * LOW HITPOINT WARNING * * *
The manticore claws you.
* * * LOW HITPOINT WARNING * * *
The manticore claws you!
* * * LOW HITPOINT WARNING * * *
Damage: 18 (max 18)
You slash the manticore! You freeze the manticore.
The manticore is severely wounded.
The manticore bites you!
You die...

....################..
......................
.....................
#...................
#..<........(.......
#(..................
+...................
#..H..###########...
..#####).@..# #..#
.......)....# #..#
..#####(....# #..#
#.....## #..# #).....#
#..# #.....(# #...
#......+ #... #......#
##.. ..#####......# ..


You could see a manticore.

Vanquished Creatures
  Rupert (D:12)
  Maud (D:12)
  A frost giant (IceCv)
  Nessos (Orc:3)
  Snorg (Lair:6)
  A fire dragon (Lair:8)
  An ettin (D:15)
  Josephine (D:11)
  An ogre mage (Volcano)
  The ghost of multipassport the Fighter, a journeyman MiCK of Xom (Lair:3)
  Fannar (Lair:1)
  Harold (Lair:2)
  7 hydras
  An ice dragon (Lair:4)
  2 centaur warriors
  2 catoblepae
  8 death yaks
  7 orc high priests (Orc:4)
  Urug (Orc:3)
  Sonja (Lair:1)
  The ghost of septik the Cleaver, a novice FoFi of Ashenzari (D:9)
  A deep troll (D:15)
  2 wizards
  2 hill giants
  A gelid demonspawn (Orc:4)
  2 unseen horrors (D:12)
  4 orc knights
  2 putrid demonspawn (Orc:4)
  2 griffons (Lair:8)
  2 lindwurms (D:12)
  An ugly thing (D:12)
  An oklob plant (Lair:2)
  3 cyclopes
  5 orc sorcerers (Orc:4)
  A siren (Lair:3)
  2 manticores (Lair:8)
  11 elephants
  10 black mambas
  Joseph (D:9)
  A rust devil (Orc:4)
  3 torpor snails
  2 ice statues
  2 orange demons (Orc:4)
  8 spiny frogs
  A kobold demonologist (D:13)
  2 molten gargoyles (Volcano)
  13 komodo dragons
  2 hellwings (Orc:4)
  A yaktaur (D:15)
  3 fire drakes
  5 trolls
  2 red devils
  5 two-headed ogres
  20 polar bears
  Prince Ribbit (Lair:1)
  14 slime creatures
  2 boulder beetles
  14 blink frogs
  3 deep elf magi
  A spriggan (D:9)
  A trapdoor spider (D:13)
  A shadow (D:13)
  6 wyverns
  3 wraiths
  4 basilisks
  8 fire bats
  A steam dragon (Lair:8)
  36 wolves
  17 hippogriffs
  A hungry ghost (D:10)
  72 yaks
  A warg (Orc:4)
  3 mottled dragons
  Edmund (D:6)
  2 nagas (Lair:3)
  19 water moccasins
  37 orc warriors
  23 porcupines
  A wasp (D:12)
  3 swamp drakes (Lair:8)
  3 phantoms
  2 black bears
  3 sky beasts
  10 ice beasts
  11 ogres
  14 centaurs
  A necrophage (D:8)
  A big kobold (Sewer)
  27 crocodiles
  19 giant frogs
  4 brain worms (D:12)
  2 wyvern skeletons
  A wyvern zombie (D:14)
  4 wights (D:12)
  4 scorpions
  A vampire bat (D:12)
  8 crimson imps
  5 centaur zombies
  2 giant frog zombies
  A lava snake (Volcano)
  3 electric eels
  2 quasits
  A giant frog skeleton (D:8)
  2 centaur skeletons
  34 orc priests
  8 jellies
  8 hounds
  14 iguanas
  42 orc wizards
  12 worker ants
  35 sheep
  A killer bee zombie (D:6)
  A centaur simulacrum (D:8)
  2 hound zombies (D:8)
  A worker ant zombie (D:6)
  101 river rats
  23 adders
  8 gnolls
  A hound simulacrum (D:8)
  16 white imps
  6 shadow imps
  An ufetubus (D:8)
  8 oozes
  3 adder skeletons (D:6)
  13 worms
  8 giant geckos
  218 orcs
  5 ball pythons
  14 bats
  6 giant cockroaches
  11 goblins
  9 hobgoblins
  7 quokkas
  A giant gecko skeleton (D:6)
  7 giant newts
  10 jackals
  A jackal skeleton (D:6)
  15 kobolds
  A quokka zombie (D:9)
  13 rats
  A bush (Lair:2)
  6 fungi
  11 plants
1253 creatures vanquished.

Vanquished Creatures (others)
  A spiny frog (Lair:8)
  A wraith (D:11)
  A water moccasin (Lair:8)
  An orc wizard (D:7)
  An orc priest (Orc:4)
  An orc (Orc:1)
  23 fungi
  16 plants
45 creatures vanquished.

Grand Total: 1298 creatures vanquished

Notes
Turn   | Place    | Note
--------------------------------------------------------------
     0 | D:1      | Gorice the Demonspawn Wanderer began the quest for the Orb.
     0 | D:1      | Gorice set off with: a +2 scale mail, the Papyrus of Poisoning, a +0 spear, a +0 dagger, a bread ration {!e}
     0 | D:1      | Reached XP level 1. HP: 16/16 MP: 1/1
     0 | D:1      | Identified the Papyrus of Poisoning
   551 | D:1      | Reached skill level 3 in Armour
   551 | D:1      | Gained mutation: You are partially covered in sharp spines. [demonic ancestry]
   551 | D:1      | Reached XP level 2. HP: 23/23 MP: 2/2
  1025 | D:2      | Reached skill level 3 in Fighting
  1025 | D:2      | Reached XP level 3. HP: 19/29 MP: 3/3
  1055 | D:2      | HP: 8/29 [poisoned by an adder]
  1729 | D:2      | Gained mutation: You have a pair of small antennae on your head. [demonic ancestry]
  1729 | D:2      | Reached XP level 4. HP: 35/35 MP: 4/4
  2148 | D:3      | Found a glowing drain.
  2150 | D:3      | Reached skill level 4 in Fighting
  2156 | Sewer    | Entered a sewer
  2167 | Sewer    | Reached skill level 4 in Armour
  2167 | Sewer    | Gained mutation: You are mostly covered in sharp spines. [demonic ancestry]
  2167 | Sewer    | Reached XP level 5. HP: 30/42 MP: 5/5
  2216 | Sewer    | Noticed a big kobold
  2253 | Sewer    | Killed a big kobold
  2514 | Sewer    | Found a glowing silver altar of Zin.
  2777 | D:3      | Reached XP level 6. HP: 38/50 MP: 6/6
  2858 | D:3      | Reached skill level 5 in Fighting
  3115 | D:3      | Reached skill level 5 in Armour
  3205 | D:3      | Found an ancient bone altar of Kikubaaqudgha.
  4025 | D:4      | Gained mutation: When hurt, damage is shared between your health and your magic reserves. [demonic ancestry]
  4025 | D:4      | Reached XP level 7. HP: 50/57 MP: 7/7
  4046 | D:4      | Got a twisted war axe
  4108 | D:4      | Identified the Papyrus of Dislocated Talismans
  4120 | D:3      | Identified the +8 war axe "Royfol" {venom, +Inv Int+3} (You found it on level 4 of the Dungeon)
  4161 | D:4      | Reached skill level 6 in Fighting
  4534 | D:5      | Entered Level 5 of the Dungeon
  4547 | D:5      | Reached skill level 6 in Armour
  4580 | D:5      | Got a jewelled flail
  4607 | D:5      | Reached skill level 7 in Fighting
  4607 | D:5      | Gained mutation: You have a pair of antennae on your head. [demonic ancestry]
  4607 | D:5      | Reached XP level 8. HP: 58/67 MP: 8/8
  5037 | D:5      | Reached skill level 7 in Armour
  5158 | D:5      | Reached skill level 8 in Fighting
  5285 | D:6      | Found a staircase to the Ecumenical Temple.
  5294 | Temple   | Entered the Ecumenical Temple
  5383 | Temple   | Became a worshipper of Warmaster Okawaru
  5842 | D:6      | Gained mutation: You have a pair of large antennae on your head (SInv). [demonic ancestry]
  5842 | D:6      | Reached XP level 9. HP: 75/75 MP: 9/9
  5864 | D:6      | Reached skill level 9 in Fighting
  5864 | D:6      | Reached skill level 8 in Armour
  6002 | D:6      | Reached * piety under Okawaru
  6063 | D:6      | Noticed Edmund
  6069 | D:6      | Killed Edmund
  6100 | D:6      | Found a sparkling altar of Nemelex Xobeh.
  6342 | D:6      | Identified the +6 flail of Toaph {crush, MR- Str+4 Int+6} (You found it on level 5 of the Dungeon)
  6762 | D:7      | Found a flagged portal.
  6792 | Bailey   | Entered a bailey
  7212 | D:7      | Reached skill level 10 in Fighting
  7359 | D:7      | Reached skill level 1 in Axes
  7359 | D:7      | Reached skill level 9 in Armour
  7492 | D:8      | Reached ** piety under Okawaru
  7496 | D:8      | Reached skill level 2 in Axes
  7541 | D:8      | Reached skill level 3 in Axes
  7738 | D:8      | Reached skill level 4 in Axes
  7738 | D:8      | Reached XP level 10. HP: 49/85 MP: 5/10
  7990 | D:8      | Reached *** piety under Okawaru
  8436 | D:8      | Reached skill level 5 in Axes
  9080 | D:9      | Noticed septik's ghost (novice FoFi)
  9089 | D:9      | Reached skill level 6 in Axes
  9110 | D:9      | Reached **** piety under Okawaru
  9114 | D:9      | Killed septik's ghost
  9114 | D:9      | Reached skill level 7 in Axes
  9114 | D:9      | Reached skill level 10 in Armour
  9131 | D:9      | Found a staircase to the Lair.
  9202 | D:9      | --Leave the fighting to the produdes Septik!
  9474 | D:9      | Noticed Joseph
  9489 | D:9      | Killed Joseph
  9583 | Lair:1   | Entered Level 1 of the Lair of Beasts
  9678 | Lair:1   | Noticed Sonja
  9693 | Lair:1   | Killed Sonja
  9693 | Lair:1   | Reached ***** piety under Okawaru
  9693 | Lair:1   | Reached skill level 8 in Axes
  9693 | Lair:1   | Reached XP level 11. HP: 80/90 MP: 9/11
  9724 | Lair:1   | Noticed Prince Ribbit
  9783 | Lair:1   | Noticed a six-headed hydra
 10388 | Lair:1   | Noticed Fannar
 10437 | Lair:1   | HP: 27/90 [Fannar/quarterstaff of freezing (6)]
 10442 | Lair:1   | Killed Fannar
 10442 | Lair:1   | Received a gift from Okawaru
 10442 | Lair:1   | Reached skill level 9 in Axes
 10580 | Lair:1   | Killed Prince Ribbit
 10948 | Lair:1   | Reached skill level 11 in Armour
 11325 | Lair:2   | Noticed Harold
 11342 | Lair:2   | HP: 23/90 [Harold/bolt of fire (37)]
 11347 | Lair:2   | Killed Harold
 11347 | Lair:2   | Reached skill level 10 in Axes
 12070 | Lair:2   | Noticed a five-headed hydra
 12081 | Lair:2   | Killed a six-headed hydra
 12361 | Lair:2   | Found a blossoming altar of Fedhas.
 12563 | Lair:2   | Reached XP level 12. HP: 66/97 MP: 6/12
 12745 | Lair:3   | Reached skill level 11 in Axes
 12842 | Lair:3   | Noticed multipassport's ghost (journeyman MiCK)
 12859 | Lair:3   | HP: 29/97 [multipassport's ghost (14)]
 12885 | Lair:3   | HP: 26/97 [multipassport's ghost (3)]
 13244 | Lair:3   | Found a staircase to the Shoals.
 13251 | Lair:3   | --Shoals again!
 13359 | Lair:3   | Found a staircase to the Snake Pit.
 13551 | Lair:3   | --And Snake again! That's a 1 in 8^5 chance!
 13764 | Lair:3   | Noticed a five-headed hydra
 13777 | Lair:3   | HP: 25/97 [five-headed hydra (6)]
 13782 | Lair:3   | HP: 29/97 [five-headed hydra (8)]
 14240 | Lair:3   | Reached skill level 12 in Armour
 14441 | Lair:3   | HP: 29/97 [multipassport's ghost (5)]
 14479 | Lair:3   | HP: 24/97 [multipassport's ghost (2)]
 14496 | Lair:3   | HP: 19/97 [multipassport's ghost (9)]
 14497 | Lair:3   | HP: 9/97 [multipassport's ghost (1)]
 14890 | Lair:3   | Killed a five-headed hydra
 14890 | Lair:3   | Reached skill level 12 in Axes
 15302 | Lair:4   | Noticed an ice dragon
 15344 | Lair:4   | Noticed a four-headed hydra
 15355 | Lair:4   | Killed a four-headed hydra
 15355 | Lair:4   | Received a gift from Okawaru
 15572 | Lair:4   | Found a frozen archway.
 15746 | IceCv    | Entered an ice cave
 15752 | IceCv    | Received a gift from Okawaru
 16061 | IceCv    | Reached skill level 13 in Axes
 16091 | IceCv    | Gained mutation: You are covered in fur (AC +1). [potion of beneficial mutation]
 16189 | IceCv    | Gained mutation: You are partially covered in rugged brown scales (AC +1, +3% HP). [demonic ancestry]
 16189 | IceCv    | Reached XP level 13. HP: 37/106 MP: 1/13
 16480 | IceCv    | Reached skill level 1 in Invocations
 16587 | IceCv    | Reached skill level 2 in Invocations
 16702 | IceCv    | Noticed a frost giant
 16946 | IceCv    | Got a shimmering battleaxe
 16947 | IceCv    | Identified the +4 battleaxe of the Lurker {antimagic, Str+3} (You found it in an ice cave)
 17038 | IceCv    | Reached skill level 3 in Invocations
 17075 | IceCv    | Killed a frost giant
 17269 | Lair:4   | Reached skill level 4 in Invocations
 17691 | Lair:4   | Killed an ice dragon
 17691 | Lair:4   | Reached skill level 13 in Armour
 17691 | Lair:4   | Reached skill level 5 in Invocations
 18157 | Lair:5   | Received a gift from Okawaru
 18225 | Lair:4   | Got a shimmering blowgun
 18358 | Lair:4   | Identified the +3 blowgun of Gozag's Supremacy {speed, -Tele rElec rC++ Stlth+} (You found it on level 4 of the Lair of Beasts)
 18393 | Lair:5   | Reached skill level 14 in Axes
 18418 | Lair:5   | Reached skill level 6 in Invocations
 19765 | Lair:6   | Noticed Snorg
 19795 | Lair:6   | Killed Snorg
 20191 | Lair:6   | Reached skill level 7 in Invocations
 20578 | Lair:7   | Reached XP level 14. HP: 99/113 MP: 19/19
 20833 | Lair:7   | Found a snail-covered altar of Cheibriados.
 20985 | Lair:7   | Reached skill level 8 in Invocations
 21110 | Lair:7   | Reached skill level 1 in Evocations
 21114 | Lair:7   | Received a gift from Okawaru
 21122 | Lair:7   | Got a polished chain mail {god gift}
 21417 | Lair:7   | Identified the +6 chain mail of Ladders and Snakes {Int+3} (Okawaru gifted it to you on level 7 of the Lair of Beasts)
 21641 | Lair:7   | Reached skill level 2 in Evocations
 21975 | Lair:7   | Reached skill level 15 in Axes
 22143 | Lair:1   | Learned a level 1 spell: Infusion
 22150 | Lair:1   | Learned a level 6 spell: Haste
 22258 | Lair:8   | Entered Level 8 of the Lair of Beasts
 22604 | Lair:8   | Reached skill level 3 in Evocations
 22896 | Lair:8   | Found a viscous altar of Jiyva.
 22897 | Lair:8   | Found a staircase to the Slime Pits.
 23299 | Lair:8   | Reached skill level 2 in Charms
 23326 | Lair:8   | Reached skill level 1 in Spellcasting
 23565 | Lair:8   | Reached skill level 14 in Armour
 23797 | Lair:8   | Reached skill level 2 in Spellcasting
 23922 | Lair:8   | Reached skill level 3 in Charms
 23960 | Lair:8   | HP: 28/113 [death yak (6)]
 23969 | Lair:8   | HP: 30/113 [black mamba (6)]
 24588 | Lair:3   | Killed multipassport's ghost
 24692 | D:10     | Entered Level 10 of the Dungeon
 25033 | D:10     | Identified Ts'ui PĂȘn's Volume of Forking Paths
 25112 | D:10     | Identified the Handbook of Combed Thunderclap
 25121 | D:10     | Identified Cigotuvi's Volume of Sand
 25366 | Lair:1   | Learned a level 1 spell: Apportation
 25523 | D:11     | Reached skill level 3 in Spellcasting
 25738 | D:11     | Gained mutation: You are mostly covered in rugged brown scales (AC +2, +5% HP). [demonic ancestry]
 25738 | D:11     | Reached XP level 15. HP: 108/120 MP: 16/21
 25785 | D:11     | Found a staircase to the Orcish Mines.
 25837 | D:11     | Noticed Josephine
 25853 | D:11     | Killed Josephine
 26127 | Orc:1    | Entered Level 1 of the Orcish Mines
 26516 | Orc:2    | Reached ****** piety under Okawaru
 26526 | Orc:2    | Found a dark tunnel.
 26546 | Volcano  | Entered a volcano
 26817 | Volcano  | Found a burning altar of Makhleb.
 27252 | Orc:1    | Found Cykhlemme's Antique Weapon Shoppe.
 27610 | Orc:3    | Reached skill level 4 in Charms
 27862 | Orc:3    | Noticed Nessos
 27870 | Orc:3    | Killed Nessos
 28234 | Orc:3    | Noticed Urug
 28244 | Orc:3    | Killed Urug
 28264 | Orc:3    | Found a bloodstained altar of Trog.
 28577 | Orc:4    | Entered Level 4 of the Orcish Mines
 28590 | Orc:4    | Reached skill level 4 in Spellcasting
 28681 | Orc:4    | Reached skill level 16 in Axes
 28762 | Orc:4    | Found a roughly hewn altar of Beogh.
 28765 | Orc:4    | Found a staircase to the Elven Halls.
 29298 | Orc:4    | Found Pophof's General Store.
 29751 | Orc:4    | Found Roph's Distillery.
 30342 | Orc:4    | Received a gift from Okawaru
 30343 | Orc:4    | Got a blackened quarterstaff {god gift}
 31094 | Orc:4    | Reached skill level 5 in Charms
 31857 | Orc:4    | Found Huantup's Antique Armour Boutique.
 31857 | Orc:4    | Found Diucil's Gadget Shop.
 31857 | Orc:4    | Found a one-way gate leading to the halls of Pandemonium.
 31870 | Orc:4    | Bought an obsidian-studded ring mail for 252 gold pieces
 31870 | Orc:4    | Bought a pair of bloodstained gloves for 266 gold pieces
 31880 | Orc:4    | Identified the cursed +0 ring mail "Veveruipn" {Slay+2} (You bought it in a shop on level 4 of the Orcish Mines)
 31890 | Orc:4    | Identified the +1 pair of gloves of Surprise {Str+9 Int-4 Dex+2} (You bought it in a shop on level 4 of the Orcish Mines)
 31901 | Orc:4    | Bought a pair of embroidered gloves for 126 gold pieces
 31952 | Orc:4    | Identified the +3 quarterstaff "Gefyraq" {flame, +Blink} (Okawaru gifted it to you on level 4 of the Orcish Mines)
 31959 | Orc:4    | Bought a +5 rod of shadows (14/14) for 1478 gold pieces
 31959 | Orc:4    | Bought a wand of digging (13) for 442 gold pieces
 32154 | Orc:2    | Found a bloodstained altar of Trog.
 32177 | Orc:2    | Found Zopukh's Jewellery Shoppe.
 32288 | Orc:2    | Bought a +4 ring of protection for 396 gold pieces
 32288 | Orc:2    | Bought a +3 ring of slaying for 495 gold pieces
 33080 | Lair:8   | Reached skill level 5 in Spellcasting
 33407 | D:12     | Received a gift from Okawaru
 33465 | D:12     | Gained mutation: Your spells are a little easier to cast, but a little less powerful. [mutagenic glow]
 33517 | D:12     | Gained mutation: Armour fits poorly on your strangely shaped body. [mutagenic glow]
 33575 | D:12     | Gained mutation: You regenerate slowly when monsters are visible. [mutagenic glow]
 33622 | D:12     | Gained mutation: You are clumsy. (Dex -2) [mutagenic glow]
 33999 | D:12     | Noticed Rupert
 34015 | D:12     | HP: 27/120 [Rupert/great mace of protection (31)]
 34023 | D:12     | HP: 32/120 [Rupert/great mace of protection (16)]
 34024 | D:12     | HP: 6/120 [Rupert/great mace of protection (26)]
 34029 | D:12     | HP: 12/120 [Rupert/great mace of protection (12)]
 34032 | D:12     | Killed Rupert
 34032 | D:12     | Reached skill level 6 in Charms
 34529 | D:12     | Reached XP level 16. HP: 104/128 MP: 18/24
 34586 | D:12     | Noticed Maud
 34597 | D:12     | Killed Maud
 35044 | D:13     | Found a sacrificial altar of Ru.
 35154 | D:13     | Reached skill level 15 in Armour
 35245 | D:13     | Received a gift from Okawaru
 35737 | D:14     | You fall through a shaft!
 35737 | D:15     | Entered Level 15 of the Dungeon
 35745 | D:15     | Identified a scroll of acquirement
 35758 | D:15     | Reached skill level 17 in Axes
 35893 | D:15     | Reached skill level 6 in Spellcasting
 35896 | D:15     | HP: 26/128 [deep troll (14)]
 35904 | D:15     | HP: 20/128 [deep troll (2)]
 35914 | D:15     | HP: 12/128 [orc warrior/glaive (9)]
 35920 | D:15     | HP: 12/128 [orc/tomahawk (1)]
 35951 | D:15     | HP: 11/128 [manticore (9)]
 35951 | D:15     | HP: 2/128 [manticore (5)]
 35952 | D:15     | Mangled by a manticore

Action                   |  1- 3 |  4- 6 |  7- 9 | 10-12 | 13-15 | 16-18 || total
-------------------------+-------+-------+-------+-------+-------+-------++-------
Melee: Spear             |    94 |   181 |       |       |       |       ||   275
       Scimitar          |       |     7 |     5 |       |       |       ||    12
       War axe           |       |       |   178 |   552 |  1446 |    41 ||  2217
       Flail             |       |       |       |    20 |    22 |       ||    42
       Battleaxe         |       |       |       |       |   228 |   124 ||   352
 Fire: Blowgun           |       |     4 |       |     4 |     4 |       ||    12
Throw: Stone             |     6 |     1 |       |       |       |       ||     7
       Tomahawk          |       |       |     4 |    29 |    19 |       ||    52
       Javelin           |       |       |       |    10 |    12 |       ||    22
 Cast: Infusion          |       |       |       |       |    26 |     9 ||    35
Invok: Heroism           |       |       |       |    12 |    15 |     1 ||    28
       Finesse           |       |       |       |       |     2 |       ||     2
 Abil: Evoke Invisibilit |       |       |       |     2 |     3 |       ||     5
Evoke: Wand              |       |       |     1 |     4 |     5 |       ||    10
  Use: Scroll            |       |    12 |     6 |     9 |     8 |     1 ||    36
       Potion            |       |       |       |     5 |     5 |       ||    10
 Stab: Distracted        |       |     1 |       |       |       |       ||     1
       Invisible         |       |       |       |     4 |     5 |       ||     9
       Petrified         |       |       |       |       |     4 |       ||     4
       Sleeping          |       |       |       |       |     6 |       ||     6
       Petrifying        |       |       |       |       |     1 |       ||     1
       Paralysed         |       |       |       |       |     8 |       ||     8
  Eat: Chunk             |     3 |     7 |    12 |    22 |    56 |     5 ||   105
       Meat ration       |       |       |       |     1 |       |       ||     1
       Pizza             |       |       |       |     1 |       |       ||     1
       Bread ration      |       |       |       |       |     1 |       ||     1
       Beef jerky        |       |       |       |       |     1 |       ||     1

Table legend:
 A = Turns spent in this place as a percentage of turns spent in the entire game.
 B = Non-inter-level travel turns spent in this place as a percentage of non-inter-level travel turns spent in the entire game.
 C = Inter-level travel turns spent in this place as a percentage of turns spent in this place.
 D = Turns resting spent in this place as a percentage of non-inter-level travel turns spent in this place.
 E = Turns spent auto-exploring this place as a percentage of non-inter-level travel turns spent in this place.
 F = Non-inter-level travel turns spent in this place divided by the number of levels of this place that you've seen.
                   A       B       C       D       E      F
               +-------+-------+-------+-------+-------+----------------------
         Total | 100.0 | 100.0 |   0.5 |   1.8 |   3.3 | 491.5
       Dungeon |  34.0 |  34.0 |   0.5 |   1.3 |   5.5 | 356.7
        Temple |   0.2 |   0.2 |   2.7 |   0.0 |  50.0 |  36.0
          Lair |  35.8 |  35.7 |   0.7 |   2.4 |   2.6 | 701.6
  Orcish Mines |  21.9 |  22.0 |   0.5 |   1.5 |   1.2 | 863.5
         Sewer |   1.1 |   1.1 |   0.0 |   1.7 |   1.2 | 172.0
        Bailey |   0.2 |   0.2 |   0.0 |   0.0 |   0.0 |  25.0
      Ice Cave |   4.8 |   4.8 |   0.0 |   3.1 |   1.3 | 754.0
       Volcano |   2.0 |   2.1 |   0.0 |   2.5 |   0.0 | 323.0
               +-------+-------+-------+-------+-------+----------------------

Vault maps used:
D:1:      minmay_arrival_shattered_statue, minmay_misc_feat_encased,
          dk_noncrumbling_3, minmay_misc_feat_rugged
D:2:      grunt_ministairs_6, st_stairs_5
D:3:      kiku_gazebo_garden_becter, gup_sewer_entry_spiral,
          minmay_gold_behind_fungi
D:4:      first_bread
D:6:      kennysheep_windowed_halls, minmay_temple_entry_glassed_door,
          nemelex_diamond_rough_becter, uniq_edmund
D:7:      enter_bailey_7
D:8:      serial_ice, serial_ice_h, serial_ice_l, serial_ice_b, serial_ice_m,
          kennysheep_generic_room_5
D:9:      minmay_lair_entry_grove, the_bakery, uniq_joseph
D:10:     bh_hangedman_babel_library
D:11:     orc_0_dummy, uniq_josephine
D:12:     minmay_misc_feat_square, hangedman_parallel_progression, uniq_rupert,
          uniq_maud
D:13:     nicolae_ru_sacrificial_ziggurat
D:14:     david_vaults_1, minmay_hedge_maze
D:15:     hangedman_depths_entry_civil_slaughter
Temple:   grunt_wide_crystal_templ_18
Lair:1:   grunt_megastairs_3, uniq_fannar, uniq_sonja, uniq_prince_ribbit2
Lair:2:   tgw_fedhas, lemuel_fruit_tree, uniq_harold
Lair:3:   minmay_shoals_entry_lonely_mermaid, guppyfry_snake_entry_island
Lair:4:   portal_ice_cave_entry_imps, ice2_lemuel
Lair:5:   serial_bayou_ford_a, beast_lair_carwin_9
Lair:6:   minmay_holes, uniq_snorg
Lair:7:   kennysheep_snail_temple, grunt_megastairs_4
Lair:8:   guppyfry_lair_end_dragon, hangedman_lair_in_review, slime_altar_1
Orc:1:    serial_shops, shop
Orc:2:    nicolae_volcano_entry_batcave, basic_altar, serial_shops, shop
Orc:3:    minmay_goldmine, nicolae_orc_pool_cavern, abandoned_shop,
          trog_hazing_becter, uniq_urug, uniq_nessos
Orc:4:    pf_orc_diabolical, basic_altar
Sewer:    sewer_kobolds
Bailey:   bailey_polearm_2, bailey
IceCv:    ice_cave_small_giant
Volcano:  volcano_lake
